SAA
LONG ISLAND SEAWOLVES @ LANCASTER FARMERS
08/18/2030
 
TOP OF THE 1ST
Long Island Seawolves batting - Pitching for Lancaster Farmers : RHP Benedicto Castellon
Pitching: RHP Benedicto Castellon
Batting: RHB Abad Lugo 0-0: Ball
1-0: Fly out, F7 (Flyball, 7S)
Batting: RHB Jeff MacCamie 0-0: Ball
1-0: Called Strike
1-1: Ball
2-1: Foul Ball, location: 2F
2-2: Strikes out swinging
Batting: LHB Jackson Curry 0-0: Ball
1-0: Fly out, F7 (Flyball, 7LM)
Top of the 1st over - 0 runs, 0 hits, 0 errors, 0 left on base; Long Island 0 - Lancaster 0
BOTTOM OF THE 1ST
Lancaster Farmers batting - Pitching for Long Island Seawolves : LHP Jamey Crockett
Pitching: LHP Jamey Crockett
Batting: RHB Juan Pedraza 0-0: Called Strike
0-1: Ball
1-1: Bunt missed!
1-2: Ball
2-2: Ground out 4-3 (Groundball, 4S)
Batting: LHB Carlos Germán 0-0: Ball
1-0: Called Strike
1-1: Ball
2-1: Swinging Strike
2-2: Ball
3-2: Fly out, F8 (Flyball, 8RXD)
Batting: LHB Manuel Núñez 0-0: Ball
1-0: Called Strike
1-1: Fly out, F9 (Flyball, 9S)
Bottom of the 1st over - 0 runs, 0 hits, 0 errors, 0 left on base; Long Island 0 - Lancaster 0
TOP OF THE 2ND
Long Island Seawolves batting - Pitching for Lancaster Farmers : RHP Benedicto Castellon
Batting: LHB Pedro Colón 0-0: Called Strike
0-1: Called Strike
0-2: Ball
1-2: Fly out, F8 (Flyball, 8LS)
Batting: RHB Alfredo Escalante 0-0: Ground out 6-3 (Groundball, 6)
Batting: LHB Roberto Valle 0-0: DOUBLE (Flyball, 7LD)
Batting: RHB Max Berman 0-0: Ball
1-0: Ground out 3-1 (Groundball, 34S)
Top of the 2nd over - 0 runs, 1 hit, 0 errors, 1 left on base; Long Island 0 - Lancaster 0
BOTTOM OF THE 2ND
Lancaster Farmers batting - Pitching for Long Island Seawolves : LHP Jamey Crockett
Batting: RHB Ramón Degollado 0-0: Ball
1-0: Called Strike
1-1: Ball
2-1: SINGLE (Line Drive, 8LS)
Batting: RHB Woodrow Terrebonne 0-0: Foul Ball, location: 2F
0-1: Ball
1-1: Foul Ball, location: 2F
1-2: Foul Ball, location: 2F
1-2: Ball
2-2: Strikes out swinging
Batting: RHB Kasper Schuilenberg 0-0: Grounds into double play, 6-4-3 (Groundball, 6)
Bottom of the 2nd over - 0 runs, 1 hit, 0 errors, 0 left on base; Long Island 0 - Lancaster 0
TOP OF THE 3RD
Long Island Seawolves batting - Pitching for Lancaster Farmers : RHP Benedicto Castellon
Batting: SHB Carlos González 0-0: Fly out, F8 (Flyball, 8LM)
Batting: LHB Greg Watkins 0-0: Ball
1-0: Swinging Strike
1-1: Ball
2-1: Swinging Strike
2-2: Ball
3-2: Base on Balls
Batting: RHB Abad Lugo 0-0: Ball
1-0: Fly out, F7 (Flyball, 7S)
Batting: RHB Jeff MacCamie 0-0: Called Strike
0-1: Swinging Strike
0-2: Ball
1-2: SINGLE (Line Drive, 89S)
Greg Watkins to second
Runner from 2nd tries for 3rd, SAFE, throw made to third
Batting: LHB Jackson Curry 0-0: Ball
1-0: Called Strike
1-1: Ball
2-1: Ball
3-1: Foul Ball, location: 2F
3-2: Foul Ball, location: 2F
3-2: Foul Ball, location: 2F
3-2: Strikes out swinging
Top of the 3rd over - 0 runs, 1 hit, 0 errors, 2 left on base; Long Island 0 - Lancaster 0
BOTTOM OF THE 3RD
Lancaster Farmers batting - Pitching for Long Island Seawolves : LHP Jamey Crockett
Batting: RHB Ramón Soto 0-0: Called Strike
0-1: Ground out 3-1 (Groundball, 34)
Batting: RHB Bogumil Tiwontschik 0-0: Ball
1-0: Foul Ball, location: 2F
1-1: Foul Ball, location: 2F
1-2: Fly out, F7 (Flyball, 78S)
Batting: RHB José Xirau 0-0: Ball
1-0: Ball
2-0: Ground out 6-3 (Groundball, 6)
Bottom of the 3rd over - 0 runs, 0 hits, 0 errors, 0 left on base; Long Island 0 - Lancaster 0
TOP OF THE 4TH
Long Island Seawolves batting - Pitching for Lancaster Farmers : RHP Benedicto Castellon
Batting: LHB Pedro Colón 0-0: Ground out 4-3 (Groundball, 4S)
Batting: RHB Alfredo Escalante 0-0: Ball
1-0: Ball
2-0: Ball
3-0: Called Strike
3-1: Ground out 5-3 (Groundball, 56S)
Batting: LHB Roberto Valle 0-0: Foul Ball, location: 2F
0-1: Ball
1-1: Ball
2-1: Ball
3-1: Foul Ball, location: 2F
3-2: DOUBLE (Line Drive, 9LM)
Batting: RHB Max Berman 0-0: Swinging Strike
0-1: Ground out 6-3 (Groundball, 6)
Top of the 4th over - 0 runs, 1 hit, 0 errors, 1 left on base; Long Island 0 - Lancaster 0
BOTTOM OF THE 4TH
Lancaster Farmers batting - Pitching for Long Island Seawolves : LHP Jamey Crockett
Batting: RHB Juan Pedraza 0-0: Ground out 5-3 (Groundball, 5)
Batting: LHB Carlos Germán 0-0: DOUBLE (Line Drive, 7LD)
Batting: LHB Manuel Núñez 0-0: Ball
1-0: Called Strike
1-1: Ball
2-1: Swinging Strike
2-2: Ball
3-2: Base on Balls
Batting: RHB Ramón Degollado 0-0: Swinging Strike
0-1: Ball
1-1: Grounds into double play, U5-3 (Groundball, 5L)
Bottom of the 4th over - 0 runs, 1 hit, 0 errors, 1 left on base; Long Island 0 - Lancaster 0
TOP OF THE 5TH
Long Island Seawolves batting - Pitching for Lancaster Farmers : RHP Benedicto Castellon
Batting: SHB Carlos González 0-0: Ball
1-0: Fly out, F6 (Line Drive, 6M)
Batting: LHB Greg Watkins 0-0: Ground out U3 (Groundball, 3L)
Batting: RHB Abad Lugo 0-0: Ball
1-0: Ball
2-0: Foul Ball, location: 2F
2-1: Ball
3-1: Fly out, F8 (Flyball, 78M)
Top of the 5th over - 0 runs, 0 hits, 0 errors, 0 left on base; Long Island 0 - Lancaster 0
BOTTOM OF THE 5TH
Lancaster Farmers batting - Pitching for Long Island Seawolves : LHP Jamey Crockett
Batting: RHB Woodrow Terrebonne 0-0: Called Strike
0-1: Ball
1-1: Called Strike
1-2: Ball
2-2: Ball
3-2: Base on Balls
Batting: RHB Kasper Schuilenberg 0-0: Ball
1-0: Ball
2-0: Sac Bunt - play at first, batter OUT! 3-4
Woodrow Terrebonne to second
Batting: RHB Ramón Soto 0-0: Ball
1-0: Ball
2-0: Fly out, F8 (Flyball, 8RM)
Batting: RHB Bogumil Tiwontschik 0-0: Foul Ball, location: 2F
0-1: SINGLE (Line Drive, 6D)
Woodrow Terrebonne to third
Batting: RHB José Xirau 0-0: Called Strike
0-1: Ball
1-1: Ball
2-1: Fielders Choice at 2nd, 5-4 (Groundball, 56)
Bottom of the 5th over - 0 runs, 1 hit, 0 errors, 2 left on base; Long Island 0 - Lancaster 0
TOP OF THE 6TH
Long Island Seawolves batting - Pitching for Lancaster Farmers : RHP Benedicto Castellon
Batting: RHB Jeff MacCamie 0-0: Ball
1-0: Ball
2-0: Foul Ball, location: 2F
2-1: Ball
3-1: Called Strike
3-2: Base on Balls
Batting: LHB Jackson Curry 0-0: Ball
1-0: Called Strike
1-1: Foul Ball, location: 2F
1-2: Strikes out swinging
Batting: LHB Pedro Colón 0-0: Foul Ball, location: 2F
0-1: Called Strike
0-2: Ball
1-2: Ball
2-2: Ball
3-2: SINGLE (Line Drive, 9S)
Jeff MacCamie to second
Runner from 2nd tries for 3rd, SAFE, throw made to third
Batting: RHB Alfredo Escalante 0-0: Foul Ball, location: 2F
0-1: Foul Ball, location: 2F
0-2: Strikes out swinging
Batting: LHB Roberto Valle 0-0: Foul Ball, location: 2F
0-1: Called Strike
0-2: SINGLE (Flyball, 89S)
Jeff MacCamie scores
Pedro Colón to second
Runner from 2nd tries for 3rd, SAFE, no throw
Batting: RHB Max Berman 0-0: Fielders Choice at 2nd, 6-4 (Groundball, 6)
Top of the 6th over - 1 run, 2 hits, 0 errors, 2 left on base; Long Island 1 - Lancaster 0
BOTTOM OF THE 6TH
Lancaster Farmers batting - Pitching for Long Island Seawolves : LHP Jamey Crockett
Batting: RHB Juan Pedraza 0-0: Bunt for hit - play at first, batter OUT! 1-3
Batting: LHB Carlos Germán 0-0: Ball
1-0: Ball
2-0: Ball
3-0: Base on Balls
Batting: LHB Manuel Núñez 0-0: Ball
1-0: Called Strike
1-1: Ball
2-1: Ball
3-1: Base on Balls
Carlos Germán to second
Batting: RHB Ramón Degollado 0-0: Ball
1-0: Fly out, F6 (Line Drive, 6)
Batting: RHB Woodrow Terrebonne 0-0: Called Strike
0-1: Ball
1-1: DOUBLE (Flyball, 78D)
Carlos Germán scores
Manuel Núñez to third
Runner from 3rd tries for Home, SAFE, no throw
Batting: RHB Kasper Schuilenberg 0-0: Called Strike
0-1: Called Strike
0-2: Ball
1-2: Ball
2-2: SINGLE (Flyball, 8RM)
Woodrow Terrebonne to third
Runner from 3rd tries for Home, SAFE, no throw
Batting: RHB Ramón Soto 0-0: Ball
1-0: Called Strike
1-1: Ball
2-1: Ball
3-1: Base on Balls
Kasper Schuilenberg to second
Batting: RHB Bogumil Tiwontschik 0-0: Fly out, F7 (Line Drive, 7)
Bottom of the 6th over - 3 runs, 2 hits, 0 errors, 2 left on base; Long Island 1 - Lancaster 3
TOP OF THE 7TH
Long Island Seawolves batting - Pitching for Lancaster Farmers : RHP Benedicto Castellon
Batting: SHB Carlos González 0-0: Ball
1-0: Ball
2-0: Swinging Strike
2-1: Foul Ball, location: 2F
2-2: Foul Ball, location: 2F
2-2: Ball
3-2: Strikes out swinging
Batting: LHB Greg Watkins 0-0: Ball
1-0: Called Strike
1-1: Ground out 1-3 (Groundball, P)
Batting: RHB Abad Lugo 0-0: Ball
1-0: Called Strike
1-1: Ball
2-1: Fly out, F9 (Flyball, 9S)
Top of the 7th over - 0 runs, 0 hits, 0 errors, 0 left on base; Long Island 1 - Lancaster 3
BOTTOM OF THE 7TH
Lancaster Farmers batting - Pitching for Long Island Seawolves : LHP Jamey Crockett
Batting: RHB José Xirau 0-0: Ball
1-0: Ball
2-0: SINGLE (Line Drive, 7LS)
Batting: RHB Juan Pedraza 0-0: Bunted foul
0-1: Ball
1-1: Sac Bunt - play at first, batter OUT! 2-4
José Xirau to second
Batting: LHB Carlos Germán 0-0: Foul Ball, location: 2F
0-1: Ball
1-1: DOUBLE (Line Drive, 8RD)
José Xirau scores
Batting: LHB Manuel Núñez 0-0: Fly out, F8 (Line Drive, 8LD)
Batting: RHB Ramón Degollado 0-0: Called Strike
0-1: Ball
1-1: Ball
2-1: Ball
3-1: DOUBLE (Line Drive, 7LM)
Carlos Germán scores
Batting: RHB Woodrow Terrebonne 0-0: Ball
1-0: Ground out 5-3 (Groundball, 56S)
Bottom of the 7th over - 2 runs, 3 hits, 0 errors, 1 left on base; Long Island 1 - Lancaster 5
TOP OF THE 8TH
Long Island Seawolves batting - Pitching for Lancaster Farmers : RHP Benedicto Castellon
Batting: RHB Jeff MacCamie 0-0: Ball
1-0: Called Strike
1-1: Called Strike
1-2: Foul Ball, location: 2F
1-2: Foul Ball, location: 2F
1-2: Ball
2-2: Fly out, F7 (Flyball, 7)
Batting: LHB Jackson Curry 0-0: Called Strike
0-1: Swinging Strike
0-2: Ball
1-2: Fly out, F6 (Line Drive, 6)
Batting: LHB Pedro Colón 0-0: Called Strike
0-1: Foul Ball, location: 2F
0-2: SINGLE (Line Drive, 56D)
Batting: RHB Alfredo Escalante 0-0: Ball
1-0: Foul Ball, location: 2F
1-1: Called Strike
1-2: Foul Ball, location: 2F
1-2: Ball
2-2: Ball
3-2: Foul Ball, location: 2F
3-2: Foul Ball, location: 2F
3-2: Ground out 4-3 (Groundball, 4)
Top of the 8th over - 0 runs, 1 hit, 0 errors, 1 left on base; Long Island 1 - Lancaster 5
BOTTOM OF THE 8TH
Lancaster Farmers batting - Pitching for Long Island Seawolves : LHP Jamey Crockett
Batting: RHB Kasper Schuilenberg 0-0: Called Strike
0-1: Ball
1-1: Fly out, F3 (Popup, 3SF)
Batting: RHB Ramón Soto 0-0: Ball
1-0: Foul Ball, location: 2F
1-1: Called Strike
1-2: Foul Ball, location: 2F
1-2: Ball
2-2: DOUBLE (Line Drive, 5D)
Batting: RHB Bogumil Tiwontschik 0-0: Ground out 5-3 (Groundball, 5)
Batting: RHB José Xirau 0-0: Foul Ball, location: 2F
0-1: Foul Ball, location: 2F
0-2: Ball
1-2: Foul Ball, location: 2F
1-2: Ground out 6-3 (Groundball, 6)
Bottom of the 8th over - 0 runs, 1 hit, 0 errors, 1 left on base; Long Island 1 - Lancaster 5
TOP OF THE 9TH
Long Island Seawolves batting - Pitching for Lancaster Farmers : RHP Benedicto Castellon
Pitching: RHP Bert Gean
Batting: LHB Roberto Valle 0-0: Foul Ball, location: 2F
0-1: Foul Ball, location: 2F
0-2: Ground out 6-3 (Groundball, 6)
Batting: RHB Max Berman 0-0: Ball
1-0: Ball
2-0: Foul Ball, location: 2F
2-1: Ball
3-1: Foul Ball, location: 2F
3-2: Ground out 4-3 (Groundball, 4S)
Batting: SHB Carlos González 0-0: Foul Ball, location: 2F
0-1: Ball
1-1: Called Strike
1-2: Strikes out swinging
Top of the 9th over - 0 runs, 0 hits, 0 errors, 0 left on base; Long Island 1 - Lancaster 5
Sunday, March 18th, 2018 - OOTP Baseball 18.8 Build 76